 Dungeon Crawl Stone Soup version 0.28.0-53-g5a82cb258f (webtiles) character file.

Game seed: 14970379258052241699

5 jamesblauser the Skirmisher (level 1, -1/19 HPs)
             Began as a Draconian Berserker on Nov 5, 2022.
             Was a Follower of Trog.
             Slain by a quokka (2 damage)
             ... on level 1 of the Dungeon.
             The game lasted 00:01:22 (163 turns).

jamesblauser the Skirmisher (Draconian Berserker)    Turns: 163, Time: 00:01:23

Health: -1/19      AC:  4    Str: 19    XL:     1   Next: 66%
Magic:  1/1        EV: 12    Int:  7    God:    Trog [*.....]
Gold:   16         SH:  0    Dex: 10    Spells: 0/0 levels left

rFire   . . .      SeeInvis .   a - +0 mace
rCold   . . .      Faith    .   b - orb {*Rage}
rNeg    . . .      Spirit   .   (armour unavailable)
rPois   .          Reflect  .   (helmet restricted)
rElec   .          Harm     .   (no cloak)
rCorr   .          Rampage  .   (no gloves)
Will    .....      Rage     20% (no boots)
Stlth   +.........              (no amulet)
HPRegen 0.06/turn               (no ring)
MPRegen 0.07/turn               (no ring)

@: no status effects
A: AC +4, unfitting armour, cold-blooded
a: Renounce Religion, Berserk


You were on level 1 of the Dungeon.
You worshipped Trog.
Trog was aware of your devotion.
You visited 1 branch of the dungeon, and saw 1 of its levels.

You collected 16 gold pieces.

Inventory:

Hand Weapons
 a - a +0 mace (weapon)
Armour
 b - an orb of wrath (worn)


   Skills:
 + Level 3.2 Fighting
 + Level 3.1 Maces & Flails
 + Level 3.0 Dodging


You couldn't memorise any spells.
You didn't know any spells.
Your spell library was empty.

Dungeon Overview and Level Annotations

Branches:
Dungeon (1/15)

Altars:


Innate Abilities, Weirdness & Mutations

Your plain brown scales are hard. (AC +4)
You cannot fit into any form of body armour.
You are cold-blooded and may be slowed by cold attacks.


Message History

The endoplasm is heavily wounded.
The quokka barely misses you. The goblin hits you but does no damage.
The endoplasm hits you. The quokka closely misses you.
The goblin barely misses you. The endoplasm hits you.
You hit the endoplasm but do no damage.
The endoplasm is heavily wounded.
You feel yourself speed up. The quokka barely misses you.
The goblin hits you but does no damage. The endoplasm misses you.
The quokka barely misses you. The goblin hits you with a +0 dagger.
The endoplasm barely misses you.
The quokka twitches its whiskers.
The quokka bites you but does no damage.
Okay, then.
You barely miss the endoplasm.
The endoplasm is heavily wounded.
The quokka bites you. The goblin hits you but does no damage.
The endoplasm hits you.
You sock the endoplasm!
You kill the endoplasm!
Trog accepts your kill. The quokka bites you. The goblin completely misses you.
The quokka bites you.
You sock the goblin!
You kill the goblin!
Trog accepts your kill. The quokka misses you.
Your Dodging skill increases to level 3!
The quokka closely misses you.
You barely miss the quokka. The quokka bites you.
* * * LOW HITPOINT WARNING * * *
The quokka bites you.
* * * LOW HITPOINT WARNING * * *
You completely miss the quokka.
Your tail-slap misses the quokka.
You recover from your berserk rage.
The quokka bites you but does no damage.
You closely miss the quokka.
The quokka bites you but does no damage. x2
You hit the quokka.
Your tail-slap misses the quokka.
The quokka is severely wounded.
The quokka bites you.
You die...

#.# ###.# #...# . .##
#..[### .##
....#.....#...#
.#..#...#.#..##
...............
.......@r.##..[
......).....=..
#####.......... # #
......#'#....#..##.#
#.#.#######.#..........#
#.#.### ##.#..........#
#.....# #.............
#...#.####...........####
#.....#..........#.......


You could see a quokka.

Vanquished Creatures
  An endoplasm (D:1)
  A giant cockroach (D:1)
  2 goblins (D:1)
4 creatures vanquished.

Notes
Turn   | Place    | Note
-------+----------+-------------------------------------------
     0 | D:1      | jamesblauser the Draconian Berserker began the quest for
                  | the Orb.
     0 | D:1      | Reached XP level 1. HP: 19/19 MP: 1/1
   163 | D:1      | Slain by a quokka

Illustrated notes

Levels and vault maps discovered:
D:1:      tarquinn_simple_flora_water_d, layout_basic

Skill      XL: |  1 |
---------------+----+-----
Dodging        | 3 |  3.0
Fighting       | |  3.2
Maces & Flails | |  3.1

Action                   || total
-------------------------++-------
Melee: Mace              ||    13
       Tailslap          ||     1
Armor: Skin              ||     8
Dodge: Dodged            ||    13
